 Dungeon Crawl Stone Soup version 0.23-a0-261-g133332c (console) character file.

102321 nht the Deadly Accurate (level 15, -1/115 HPs)
             Began as a Demonspawn Berserker on Sept 29, 2018.
             Was the Champion of Trog.
             Slain by a demonic crawler (2 damage)
             ... led by a torpor snail
             ... on level 1 of the Spider Nest.
             The game lasted 01:07:02 (25334 turns).

nht the Deadly Accurate (Demonspawn Berserker)     Turns: 25334, Time: 01:07:02

Health: -1/115     AC: 18    Str: 17    XL:     15   Next: 85%
Magic:  0/19       EV: 15    Int:  9    God:    Trog [******]
Gold:   1203       SH:  6    Dex: 22    Spells: 14/14 levels left

rFire    + . .     SeeInvis +   a - +2 rapier (elec)
rCold    + . .     Gourm    .   C - +0 buckler
rNeg     + + +     Faith    .   O - +5 scale mail of Loiho {rC+ rN+++ Dex-2 SInv}
rPois    .         Spirit   +   t - +2 hat {SInv}
rElec    .         Reflect  .   n - scarf {Spirit}
rCorr    +         Harm     .   H - +2 pair of gloves {Dex+3}
MR       +....                  (boots unavailable)
Stlth    ++++......             Q - amulet of regeneration
HPRegen  0.00/turn              h - ring of protection from fire
MPRegen  0.16/turn              e - ring of resist corrosion

@: lethally poisoned (-1 -> -28), slowed, very slow
A: antennae 1, hooves 3, agile 1, nightstalker 1, powered by death 2, shaggy fur
1, inhibited regeneration, MP-powered wands, sturdy frame 3
a: Berserk, Trog's Hand, Brothers in Arms, Renounce Religion


You were on level 1 of the Spider Nest.
You worshipped Trog.
Trog was exalted by your worship.
You were not hungry.

You visited 4 branches of the dungeon, and saw 24 of its levels.
You also visited: Bailey and Ice Cave.

You collected 2447 gold pieces.
You spent 1244 gold pieces at shops.

Inventory:

Hand Weapons
 a - a +2 rapier of electrocution (weapon)
 w - a +3 quick blade
 T - a +7 blowgun
Missiles
 f - 3 tomahawks of returning
 g - 53 tomahawks (quivered)
 p - 15 curare-tipped needles
 u - 4 poisoned javelins
 y - a throwing net
 D - 6 needles of paralysis
 E - 16 steel javelins
 I - 14 needles of sleeping
 N - 7 silver javelins
 V - 2 silver tomahawks
 X - 8 javelins of penetration
 Z - 7 needles of frenzy
Armour
 i - a scarf of cloud immunity
 n - a scarf of spirit shield (worn)
 t - a +2 hat of see invisible (worn)
 C - a +0 buckler (worn)
 H - a +2 pair of gloves of dexterity (worn)
 O - the +5 scale mail of Loiho (worn) {rC+ rN+++ Dex-2 SInv}
   (You found it on level 3 of the Lair of Beasts)

   It affects your dexterity (-2).
   It protects you from cold.
   It renders you almost immune to negative energy.
   It lets you see invisible.
Jewellery
 e - a ring of resist corrosion (right hand)
 h - a ring of protection from fire (left hand)
 Q - an amulet of regeneration (around neck)
Wands
 o - a wand of enslavement (6)
 v - a wand of digging (41)
 F - a wand of polymorph (18)
 M - a wand of flame (103)
 W - a wand of disintegration (11)
 Y - a wand of paralysis (15)
Scrolls
 j - 4 scrolls of immolation
 k - 13 scrolls of teleportation
 q - 7 scrolls of remove curse
 r - 5 scrolls of fog
 A - a scroll of fear
 K - 4 scrolls of identify
 P - 5 scrolls of blinking
 R - 4 scrolls of magic mapping
 S - 3 scrolls of enchant armour
Potions
 b - 6 potions of agility
 l - 3 potions of might
 m - a potion of mutation
 s - 8 potions of curing
 z - 3 potions of cancellation
 B - 4 potions of lignification
 G - 3 potions of flight
 J - 2 potions of resistance
 L - 6 potions of heal wounds
 U - 4 potions of haste
Comestibles
 c - 36 rations
 d - 4 chunks of flesh


   Skills:
 - Level 10.0 Fighting
 - Level 14.0 Short Blades
 * Level 16.0 Throwing
 + Level 5.2 Armour
 + Level 5.3 Dodging
 + Level 8.3 Stealth
 - Level 4.2 Shields
 + Level 6.3 Evocations


You had 14 spell levels left.
You didn't know any spells.
Your spell library was empty.

Dungeon Overview and Level Annotations

Branches:
Dungeon (15/15)            Temple (0/1) D:7            Lair (6/6) D:10
  Swamp (0/4) Lair:2       Spider (1/4) Lair:2        Slime (0/5) Lair:5
    Orc (2/2) D:12            Elf (0/3) Orc:2        Vaults (0/5) D:13
 Depths (0/5) D:15

Altars:
Cheibriados
Kikubaaqudgha
Sif Muna
Xom
Beogh

Shops:
Orc:1 %   Orc:2 :?!:(

Portals:
Pandemonium: Orc:2

Annotations:
D:15 exclusion: Roxanne, Roxanne
Lair:2 2 transporters, Irchumiyd's ghost, journeyman DEAE
Lair:5 3 runed doors, Dukluodd's ghost, journeyman HaGl


Innate Abilities, Weirdness & Mutations

You have hooves in place of feet.
You are slightly more attuned to the shadows.
You regenerate health from kills.
Your movements are significantly less encumbered by armour. (ER -6)
You have a pair of small antennae on your head.
You are agile. (Dex +2)
You are covered in fur. (AC +1)
You do not regenerate when monsters are visible.
You expend magic power (3 MP) to strengthen your wands.


Message History

The demonic crawler misses you.
The demonic crawler hits you but does no damage.
You block the demonic crawler's attack. The demonic crawler hits you.
* * * LOW HITPOINT WARNING * * *
Unknown command.
As you read the scroll of summoning, it crumbles to dust.
Wisps of shadow whirl around you...
* * * LOW HITPOINT WARNING * * *
You feel very sick. The demonic crawler hits you.
* * * LOW HITPOINT WARNING * * *
The demonic crawler hits you but does no damage.
The demonic crawler barely misses you.
The demonic crawler hits you but does no damage.
The demonic crawler barely misses you. You block the demonic crawler's attack.
The demonic crawler misses you. The demonic crawler hits you.
* * * LOW HITPOINT WARNING * * *
The demonic crawler hits you but does no damage.
The demonic crawler hits you.
You die...

.................
............█......
.......................
.......................
......................s..
.....†.............w.....
((......................█
.....[...................
.>............s[@.█......
█.█....█....s.ss.sy......
...............(.........
...............s..^......
............s............
.......................█.
.........................
.................█.......
........ ................


You could see a torpor snail (fleeing), 2 demonic crawlers, a redback (fleeing),
a friendly moth of wrath, a friendly jumping spider (wandering) and 4 friendly
redbacks.

Vanquished Creatures
  Rupert (Spider:1)
  Gastronok (Lair:1)
  Frances (Spider:1)
  Kirke (D:13)
  An emperor scorpion (Spider:1)
  A minotaur (Lair:6)
  An ettin (Orc:1)
  Josephine (D:12)
  Snorg (Orc:1)
  Harold (D:8)
  Erolcha (D:12)
  3 hydras
  4 vault guards (D:13)
  A catoblepas (D:13)
  4 two-headed ogres
  4 centaur warriors
  5 death yaks (Lair:3)
  A vampire mage (D:15)
  2 orc high priests (Orc:2)
  Sonja (D:12)
  Nergalle (D:12)
  2 deep elf knights (D:15)
  A skeletal warrior (D:15)
  2 fire crabs (Lair:6)
  An unseen horror (D:12)
  A gelid demonspawn (Orc:2)
  2 wizards
  Pikel (D:4)
  2 necromancers
  An orb spider (Spider:1)
  A wolf spider (Spider:1)
  A mana viper (shapeshifter) (D:15)
  8 orc knights
  12 ugly things
  4 deep elf magi
  An oklob plant (Lair:3)
  3 cyclopes
  2 manticores
  12 orc sorcerers
  A frost giant zombie (D:15)
  2 ice statues (IceCv)
  A tengu conjurer (D:14)
  3 black mambas
  A smoke demon (Orc:2)
  A torpor snail (Lair:6)
  A gargoyle (D:13)
  8 spiny frogs
  8 komodo dragons
  A yaktaur zombie (D:15)
  2 rime drakes (Lair:6)
  A yaktaur (D:13)
  A hellwing (Orc:2)
  2 queen bees (shapeshifter) (D:13)
  7 trolls
  2 jumping spiders (Spider:1)
  A polar bear (shapeshifter) (D:15)
  6 hornets
  5 polar bears
  2 bog bodies (Lair:2)
  A deep troll zombie (D:15)
  3 blink frogs (Lair:4)
  7 dream sheep (Lair:6)
  A meliai zombie (D:10)
  A warg (Orc:2)
  6 hippogriffs
  A centaur simulacrum (D:14)
  5 tarantellas (Spider:1)
  3 redbacks (Spider:1)
  12 spriggans (Lair:6)
  6 hogs
  7 wraiths
  A vampire (D:13)
  A wyvern (D:8)
  2 humans
  24 yaks
  4 hungry ghosts
  A golden eye (shapeshifter) (D:14)
  A basilisk (D:13)
  2 chaos spawn
  An acid dragon (D:13)
  A swamp worm (Lair:2)
  2 soldier ants
  2 water moccasins
  9 porcupines
  A floating eye (shapeshifter) (D:14)
  50 orc warriors
  3 sky beasts
  6 ice beasts (IceCv)
  A slave (D:4)
  A hornet zombie (D:10)
  4 black bears
  2 necrophages
  17 ogres
  4 boggarts (Lair:6)
  29 wolves
  11 centaurs
  15 crocodiles
  12 bullfrogs
  A gnoll sergeant (D:10)
  A wyvern skeleton (D:14)
  3 scorpions
  13 wights
  6 howler monkeys
  6 electric eels
  5 crimson imps
  2 centaur zombies
  2 bullfrog zombies
  9 hounds
  4 jellies
  A bullfrog skeleton (D:6)
  3 centaur skeletons
  48 orc priests
  25 orc wizards
  Terence (D:3)
  4 iguanas
  9 worker ants
  3 yak simulacra (Lair:6)
  3 polar bear simulacra (Lair:6)
  2 wolf simulacra (Lair:6)
  2 hound zombies (D:9)
  A hound skeleton (D:10)
  Robin (D:3)
  8 adders
  11 gnolls
  5 shadow imps
  12 white imps (Lair:5)
  An ooze (D:3)
  An adder skeleton (D:4)
  2 worms
  2 dart slugs
  5 leopard geckos
  141 orcs
  5 bats
  6 giant cockroaches
  20 goblins
  15 hobgoblins
  9 jackals
  6 kobolds
  7 quokkas
  A frilled lizard (D:2)
  A leopard gecko skeleton (D:7)
  A leopard gecko zombie (D:7)
  2 quokka skeletons
  3 rats
  3 river rat simulacra (Lair:6)
  A butterfly (Lair:3)
833 creatures vanquished.

Vanquished Creatures (collateral kills)
  The ghost of George the Carver, a journeyman MiFi of the Shining One (Lair:6)
  A hydra (Lair:1)
  An orc knight (Orc:2)
  2 orc sorcerers
  A hellwing (Orc:2)
  A guardian mummy (D:15)
  A ynoxinul (Orc:2)
  A chaos spawn (Orc:2)
  A basilisk (Lair:1)
  A tengu zombie (D:15)
  10 orc warriors
  An ogre (Orc:2)
  A bullfrog (Lair:1)
  An orc wizard (Orc:2)
  3 orc priests (Orc:2)
  5 orcs
  3 goblins (Bailey)
35 creatures vanquished.

Vanquished Creatures (others)
  A tengu conjurer (D:14)
  3 orc warriors (Orc:2)
  A slave (D:4)
  A human (D:2)
  A wight (D:4)
  13 fungi (D:10)
  8 plants
  2 withered plants (D:15)
30 creatures vanquished.

Grand Total: 898 creatures vanquished

Notes
Turn   | Place    | Note
-------+----------+-------------------------------------------
     0 | D:1      | nht the Demonspawn Berserker began the quest for the Orb.
     0 | D:1      | Reached XP level 1. HP: 18/18 MP: 1/1
     7 | D:1      | Gained mutation: You are slightly more attuned to the
                  | shadows. [demonic ancestry]
     7 | D:1      | Reached XP level 2. HP: 15/24 MP: 2/2
   690 | D:1      | Reached XP level 3. HP: 29/29 MP: 3/3
  1000 | D:2      | Found an ancient bone altar of Kikubaaqudgha.
  1000 | D:2      | Noticed a human
  1005 | D:2      | Killed a human
  1634 | D:3      | Noticed Terence
  1641 | D:3      | Killed Terence
  1641 | D:3      | Reached XP level 4. HP: 35/35 MP: 4/4
  1996 | D:3      | Reached skill level 5 in Short Blades
  2012 | D:3      | Noticed Robin
  2043 | D:3      | Reached ** piety under Trog
  2246 | D:3      | Gained mutation: Your movements are slightly less
                  | encumbered by armour. (ER -2) [demonic ancestry]
  2246 | D:3      | Reached XP level 5. HP: 41/41 MP: 5/5
  2611 | D:3      | Killed Robin
  3069 | D:4      | Noticed a slave
  3069 | D:4      | Noticed a slave
  3070 | D:4      | Noticed Pikel
  3088 | D:4      | Killed a slave
  3090 | D:4      | Noticed a slave
  3107 | D:4      | Killed Pikel
  3107 | D:4      | Gained mutation: Your movements are less encumbered by
                  | armour. (ER -4) [demonic ancestry]
  3107 | D:4      | Reached XP level 6. HP: 40/47 MP: 6/6
  3107 | D:4      | Gained mutation: Your movements are significantly less
                  | encumbered by armour. (ER -6) [demonic ancestry]
  3107 | D:4      | Reached XP level 7. HP: 44/52 MP: 7/7
  3778 | D:5      | Entered Level 5 of the Dungeon
  3923 | D:5      | Found a deep blue altar of Sif Muna.
  4083 | D:5      | Gained mutation: You have large cloven feet. [demonic
                  | ancestry]
  4083 | D:5      | Reached XP level 8. HP: 49/58 MP: 8/8
  4594 | D:5      | Reached *** piety under Trog
  4955 | D:6      | Reached skill level 10 in Short Blades
  5364 | D:6      | Found a snail-covered altar of Cheibriados.
  5567 | D:6      | Reached skill level 1 in Throwing
  5567 | D:6      | Gained mutation: You have hoof-like feet. [demonic
                  | ancestry]
  5567 | D:6      | Reached XP level 9. HP: 52/63 MP: 9/9
  5573 | D:6      | Reached skill level 2 in Throwing
  5735 | D:7      | Reached skill level 3 in Throwing
  5882 | D:7      | Reached **** piety under Trog
  5882 | D:7      | Reached skill level 4 in Throwing
  6150 | D:7      | Found a staircase to the Ecumenical Temple.
  6292 | D:7      | Reached skill level 5 in Throwing
  6298 | D:7      | Reached skill level 6 in Throwing
  6379 | D:7      | Reached skill level 7 in Throwing
  6725 | D:7      | Got a warped robe
  6736 | D:7      | Identified the +2 robe of Lowaqi {rElec Int+5 Dex-4 SInv}
                  | (You took it off an orc on level 7 of the Dungeon)
  6813 | D:8      | Noticed Harold
  6832 | D:8      | Killed Harold
  6832 | D:8      | Reached skill level 8 in Throwing
  6832 | D:8      | Gained mutation: You regenerate a little health from kills.
                  | [demonic ancestry]
  6832 | D:8      | Reached XP level 10. HP: 70/70 MP: 10/10
  7019 | D:8      | Found a flagged portal.
  7290 | Bailey   | Entered a bailey
  7450 | Bailey   | Gained mutation: You are dopey. (Int -2) [potion of
                  | mutation]
  7450 | Bailey   | Gained mutation: You are frail. (-10% HP) [potion of
                  | mutation]
  7450 | Bailey   | Gained mutation: You have a pair of small horns on your
                  | head. [potion of mutation]
  7551 | Bailey   | Lost mutation: You are frail. (-10% HP) [potion of
                  | mutation]
  7551 | Bailey   | Lost mutation: You are dopey. (Int -2) [potion of mutation]
  7551 | Bailey   | Lost mutation: You have a pair of small horns on your head.
                  | [potion of mutation]
  7551 | Bailey   | Gained mutation: You are agile. (Dex +2) [potion of
                  | mutation]
  7551 | Bailey   | Gained mutation: You have a pair of small antennae on your
                  | head. [potion of mutation]
  7551 | Bailey   | Gained mutation: You expend magic power (3 MP) to
                  | strengthen your wands. [potion of mutation]
  7551 | Bailey   | Gained mutation: You are covered in fur. (AC +1) [potion of
                  | mutation]
  7589 | Bailey   | Reached skill level 9 in Throwing
  7659 | Bailey   | Found an iron altar of Okawaru.
  7659 | Bailey   | Noticed an orc sorcerer
  7659 | Bailey   | Noticed an orc sorcerer
  7679 | Bailey   | Killed an orc sorcerer
  7685 | Bailey   | Killed an orc sorcerer
  7692 | Bailey   | Noticed an orc knight
  7747 | Bailey   | Killed an orc knight
  7747 | Bailey   | Reached skill level 10 in Throwing
  7749 | Bailey   | Received a gift from Trog
  7810 | Bailey   | Got a transparent war axe
  8321 | Bailey   | HP: 3/70 [orc warrior/war axe (17)]
  9096 | D:8      | Reached skill level 11 in Throwing
  9434 | D:9      | Gained mutation: You regenerate health from kills. [demonic
                  | ancestry]
  9434 | D:9      | Reached XP level 11. HP: 69/75 MP: 11/11
  9607 | D:9      | Received a gift from Trog
  9607 | D:9      | Reached skill level 1 in Shields
  9936 | D:10     | Entered Level 10 of the Dungeon
  9936 | D:10     | Found a shimmering altar of Xom.
 10256 | D:10     | Received a gift from Trog
 10786 | D:10     | Found a staircase to the Lair.
 10870 | D:10     | Found the +7 mace of Variability {chain chaos}
 11300 | Lair:1   | Entered Level 1 of the Lair of Beasts
 11647 | Lair:1   | Reached ***** piety under Trog
 11647 | Lair:1   | Reached skill level 12 in Throwing
 11652 | Lair:1   | Reached skill level 5 in Fighting
 11853 | Lair:1   | Noticed a six-headed hydra
 11861 | Lair:1   | Killed a six-headed hydra
 11864 | Lair:1   | Received a gift from Trog
 12100 | Lair:1   | Noticed Gastronok
 12115 | Lair:1   | Killed Gastronok
 12428 | Lair:2   | Reached XP level 12. HP: 86/86 MP: 12/12
 12522 | Lair:2   | Noticed a seven-headed hydra
 12530 | Lair:2   | Killed a seven-headed hydra
 12739 | Lair:2   | Found a transporter.
 12739 | Lair:2   | Noticed Irchumiyd's ghost (journeyman DEAE)
 12749 | Lair:2   | Found a transporter.
 13017 | Lair:2   | Found a hole to the Spider Nest.
 13055 | Lair:2   | Received a gift from Trog
 13147 | Lair:2   | Found a staircase to the Swamp.
 13520 | Lair:3   | Noticed a death yak
 13520 | Lair:3   | Noticed a death yak
 13521 | Lair:3   | Noticed a death yak
 13544 | Lair:3   | Killed a death yak
 13547 | Lair:3   | Killed a death yak
 13547 | Lair:3   | Reached skill level 13 in Throwing
 13632 | Lair:3   | Noticed a death yak
 13635 | Lair:3   | Noticed a death yak
 13647 | Lair:3   | Killed a death yak
 13652 | Lair:3   | Killed a death yak
 13661 | Lair:3   | Killed a death yak
 13819 | Lair:3   | Got a heavily runed scale mail
 14133 | Lair:3   | Reached skill level 1 in Stealth
 15895 | Lair:5   | Found a runed gate.
 15895 | Lair:5   | Found a runed gate.
 15925 | Lair:5   | Found a frozen archway.
 15964 | Lair:5   | Identified the +5 scale mail of Loiho {rC+ rN+++ Dex-2
                  | SInv} (You found it on level 3 of the Lair of Beasts)
 15968 | IceCv    | Entered an ice cave
 15984 | IceCv    | Reached XP level 13. HP: 95/95 MP: 13/13
 16018 | IceCv    | Found a transporter.
 16045 | IceCv    | Found a transporter.
 16677 | Lair:5   | Found a runed gate.
 16687 | Lair:5   | Noticed Dukluodd's ghost (journeyman HaGl)
 16688 | Lair:5   | Noticed a death ooze
 16712 | Lair:5   | Found a staircase to the Slime Pits.
 16754 | Lair:5   | Got a warped quarterstaff
 16931 | Lair:5   | Noticed a death ooze
 16941 | Lair:6   | Entered Level 6 of the Lair of Beasts
 17129 | Lair:6   | Found a runed gate.
 17129 | Lair:6   | Found a runed gate.
 17129 | Lair:6   | Found a runed gate.
 17194 | Lair:6   | Noticed George's ghost (journeyman MiFi)
 17194 | Lair:6   | Noticed a minotaur
 17210 | Lair:6   | Killed George's ghost
 17214 | Lair:6   | Killed a minotaur
 17393 | Lair:6   | Reached skill level 14 in Throwing
 17905 | Lair:6   | Received a gift from Trog
 18022 | Lair:6   | Paralysed by a hornet for 2 turns
 18041 | Lair:6   | Received a gift from Trog
 18809 | D:11     | Identified the amulet "Qinicat" {Spirit *Contam rF+ Stlth+}
                  | (You found it on level 11 of the Dungeon)
 19320 | D:11     | Received a gift from Trog
 19396 | D:12     | Noticed Nergalle
 19405 | D:12     | Killed Nergalle
 19494 | D:12     | Reached skill level 5 in Stealth
 19519 | D:12     | Gained mutation: You have hooves in place of feet. [demonic
                  | ancestry]
 19519 | D:12     | Reached XP level 14. HP: 105/105 MP: 14/14
 19659 | D:12     | Noticed Sonja
 19688 | D:12     | Reached skill level 1 in Evocations
 19721 | D:12     | Received a gift from Trog
 19728 | D:12     | Found a roughly hewn altar of Beogh.
 19728 | D:12     | Found a staircase to the Orcish Mines.
 19872 | D:12     | Noticed Erolcha
 19878 | D:12     | Killed Erolcha
 19997 | D:12     | Killed Sonja
 20422 | D:13     | Received a gift from Trog
 20575 | D:13     | Found a gate to the Vaults.
 20673 | D:13     | Reached skill level 15 in Throwing
 20688 | D:13     | Reached ****** piety under Trog
 20689 | D:13     | Received a gift from Trog
 21061 | D:13     | Noticed Kirke
 21074 | D:13     | Killed Kirke
 22184 | D:15     | Entered Level 15 of the Dungeon
 22250 | D:15     | Found a staircase to the Depths.
 22276 | D:15     | Noticed Roxanne
 22420 | D:15     | Reached XP level 15. HP: 94/114 MP: 14/18
 22626 | D:15     | Received a gift from Trog
 23017 | Orc:1    | Entered Level 1 of the Orcish Mines
 23019 | Orc:1    | Noticed Josephine
 23034 | Orc:1    | Noticed Snorg
 23047 | D:12     | Killed Josephine
 23139 | Orc:1    | Killed Snorg
 23387 | Orc:1    | Reached skill level 10 in Fighting
 23387 | Orc:1    | Reached skill level 5 in Evocations
 23443 | Orc:1    | Found Juaseeto's Food Emporium.
 23485 | Orc:1    | Received a gift from Trog
 23714 | Orc:2    | Entered Level 2 of the Orcish Mines
 23826 | Orc:2    | Found Qizumiu's Book Shoppe.
 23840 | Orc:2    | Found a roughly hewn altar of Beogh.
 24096 | Orc:2    | Found Zisuje's Distillery.
 24097 | Orc:2    | Found Qaotel's Magic Scroll Shop.
 24099 | Orc:2    | Received a gift from Trog
 24257 | Orc:2    | Paralysed by an orc sorcerer for 7 turns
 24343 | Orc:2    | Found a staircase to the Elven Halls.
 24457 | Orc:2    | Received a gift from Trog
 24740 | Orc:2    | Paralysed by an orc sorcerer for 3 turns
 24742 | Orc:2    | Gained mutation: You do not regenerate when monsters are
                  | visible. [a neqoxec]
 24848 | Orc:2    | Reached skill level 16 in Throwing
 24869 | Orc:2    | Found Usmoaj's Book Shoppe.
 24869 | Orc:2    | Found Osoybiets's Antique Weapon Emporium.
 24871 | Orc:2    | Found a one-way gate leading to the halls of Pandemonium.
 24918 | Orc:2    | Bought a potion of haste for 110 gold pieces
 24918 | Orc:2    | Bought a potion of curing for 33 gold pieces
 24918 | Orc:2    | Bought a potion of cancellation for 88 gold pieces
 24918 | Orc:2    | Bought 2 potions of agility for 88 gold pieces
 24918 | Orc:2    | Bought a potion of resistance for 110 gold pieces
 24918 | Orc:2    | Bought a potion of heal wounds for 55 gold pieces
 24918 | Orc:2    | Bought a potion of lignification for 33 gold pieces
 24920 | Orc:2    | Bought a scroll of blinking for 112 gold pieces
 24920 | Orc:2    | Bought a scroll of teleportation for 45 gold pieces
 24920 | Orc:2    | Bought a scroll of enchant armour for 112 gold pieces
 24920 | Orc:2    | Bought a scroll of magic mapping for 52 gold pieces
 24920 | Orc:2    | Bought a scroll of summoning for 142 gold pieces
 24949 | Orc:2    | Bought a bloodstained falchion for 264 gold pieces
 24949 | Orc:2    | Identified the +6 falchion of Exoneration {flame, Fragile
                  | Str+4 Int+3} (You bought it in a shop on level 2 of the
                  | Orcish Mines)
 24960 | Orc:2    | Identified the +8 rapier of Painful Death {speed, rC- MR-
                  | Int+6 Dex+9} (Trog gifted it to you on level 2 of the
                  | Orcish Mines)
 25138 | Spider:1 | Entered Level 1 of the Spider Nest
 25138 | Spider:1 | Noticed Rupert
 25146 | Spider:1 | Noticed Frances
 25149 | Spider:1 | Killed Rupert
 25149 | Spider:1 | Reached skill level 5 in Armour
 25149 | Spider:1 | Reached skill level 5 in Dodging
 25157 | Spider:1 | Killed Frances
 25334 | Spider:1 | HP: 2/115 [demonic crawler (4)]
 25334 | Spider:1 | Slain by a demonic crawler

Vault maps used:
D:1:      scummos_arrival_simple_crosswalls, skrybe_limestone_x
D:2:      tgw_kikubaaqudgha
D:3:      uniq_robin, uniq_terence
D:4:      minmay_parallelograms, uniq_pikel
D:5:      kennysheep_mini_moat, first_ration
D:6:      lemuel_crystal_altar, kennysheep_generic_room_16
D:7:      temple_fountains, grunt_livestock
D:8:      enter_bailey_8, special_room, uniq_harold
D:10:     kennysheep_blocky_hall, grunt_lair_entry_orc_guard_hut,
          minmay_guarded_unrand_variability, uniq_urug
D:11:     kennysheep_small_square
D:12:     david_orc_5, serial_park_tiny_pond, kennysheep_generic_room_14,
          uniq_sonja, uniq_nergalle, uniq_erolcha
D:13:     grunt_vaults_entry_fortified, uniq_kirke
D:14:     minivault_4
D:15:     gammafunk_depths_entry_grave, minmay_misc_feat_hallway, uniq_roxanne
Lair:1:   grunt_megastairs_2, uniq_gastronok
Lair:2:   nicolae_swamp_entry_splash_gauntlet, dummy_spider_entry,
          gammafunk_ghost_arena, infiniplex_staircase_pool, lemuel_fruit_fields
Lair:3:   minmay_lair_oklob_items
Lair:4:   columned_hall_lemuel, infiniplex_staircase_pool_2
Lair:5:   dpeg_slime_entry_corner, gammafunk_ghost_ooze,
          portal_ice_cave_entry_imps
Lair:6:   minmay_lair_end_enchanted_forest, maelrawn_ghost_labyrinth_escape,
          eino_house_with_fridge, grunt_megastairs_5
Spider:1: uniq_frances, uniq_rupert
Orc:1:    serial_shops, nicolae_shop_stone, uniq_snorg, uniq_josephine
Orc:2:    pf_orc_diabolical, serial_shops, shop, basic_altar
Bailey:   bailey_axe_of_yendor_kennysheep, bailey
IceCv:    ice_cave_statue_garden_transporter

Skill      XL: |  1  2  3  4  5  6  7  8  9 10 11 12 13 14 15 |
---------------+----------------------------------------------+-----
Short Blades   | 3 4 5 8 9 11 12 13 14 | 14.0
Throwing       | 1 8 11 12 13 14 15 16 | 16.0
Shields        | 4 |  4.2
Fighting       | 5 7 8 9 10 | 10.0
Stealth        | 2 5 6 8 |  8.3
Evocations     | 4 6 |  6.3
Dodging        | 3 5 |  5.3
Armour         | 3 5 |  5.2

Action                   |  1- 3 |  4- 6 |  7- 9 | 10-12 | 13-15 || total
-------------------------+-------+-------+-------+-------+-------++-------
Melee: Short sword       |   115 |   185 |   167 |       |       ||   467
       Dagger            |       |       |   207 |   675 |       ||   882
       Kick              |       |       |   111 |   466 |   547 ||  1124
       Rapier            |       |       |       |   290 |  1329 ||  1619
Throw: Tomahawk          |       |       |       |    69 |   324 ||   393
       Throwing net      |       |       |       |     3 |     1 ||     4
       Javelin           |       |       |       |       |     1 ||     1
Invok: Berserk           |     4 |     3 |    19 |    24 |    22 ||    72
       Brothers in Arms  |       |       |       |     4 |     7 ||    11
       Trog's Hand       |       |       |       |     4 |     4 ||     8
Evoke: Wand              |       |       |       |     3 |    36 ||    39
  Use: Scroll            |     7 |     2 |     6 |    17 |    21 ||    53
       Potion            |       |       |     1 |     5 |     2 ||     8
 Stab: Sleeping          |     3 |       |       |     1 |    19 ||    23
       Distracted        |       |     2 |       |       |     5 ||     7
       Paralysed         |       |       |       |       |     3 ||     3
       Invisible         |       |       |       |       |     9 ||     9
       Confused          |       |       |       |       |     1 ||     1
  Eat: Chunk             |     5 |     8 |    28 |    50 |    39 ||   130
       Ration            |       |       |       |     2 |     5 ||     7
Armor: Animal skin       |    17 |    17 |       |       |       ||    34
       Scale mail        |       |    28 |    76 |   205 |   402 ||   711
       Robe              |       |       |       |     6 |       ||     6
Dodge: Dodged            |    60 |   110 |   122 |   294 |   477 ||  1063
Block: Buckler           |       |       |       |   120 |   229 ||   349

Table legend:
 A = Non-vault XP
 B = Vault XP
 C = Vault XP percentage of total XP
 D = Non-vault monster count
 E = Vault monster count
 F = Vault count percentage of total count
                 A         B        C        D         E       F
            +---------+---------+-------+---------+---------+-------
      Total |   81381 |   64793 |  44.3 |     550 |     318 |  36.6
            +---------+---------+-------+---------+---------+-------
        D:1 |      42 |       0 |   0.0 |      14 |       0 |   0.0
        D:2 |      39 |       2 |   4.9 |      14 |       1 |   6.7
        D:3 |     142 |      73 |  34.0 |      28 |      13 |  31.7
        D:4 |     240 |     651 |  73.1 |       9 |       1 |  10.0
        D:5 |     496 |       0 |   0.0 |      20 |       0 |   0.0
        D:6 |    1317 |      67 |   4.8 |      28 |       1 |   3.4
        D:7 |    1023 |     991 |  49.2 |      25 |       5 |  16.7
        D:8 |    1501 |    1115 |  42.6 |      14 |      27 |  65.9
        D:9 |    1339 |     176 |  11.6 |      18 |       1 |   5.3
       D:10 |    1633 |    1053 |  39.2 |      32 |      10 |  23.8
       D:11 |    3288 |    1443 |  30.5 |      31 |       3 |   8.8
       D:12 |    3812 |    5125 |  57.3 |      15 |      29 |  65.9
       D:13 |    8344 |    9311 |  52.7 |      40 |      14 |  25.9
       D:14 |    9759 |       0 |   0.0 |      32 |       0 |   0.0
       D:15 |    8298 |    3741 |  31.1 |      14 |       8 |  36.4
     Lair:1 |    4068 |    2843 |  41.1 |      25 |       2 |   7.4
     Lair:2 |    3782 |     767 |  16.9 |      14 |       4 |  22.2
     Lair:3 |    7202 |     542 |   7.0 |      17 |       1 |   5.6
     Lair:4 |    3482 |       0 |   0.0 |      14 |       0 |   0.0
     Lair:5 |    1292 |     123 |   8.7 |       4 |      12 |  75.0
     Lair:6 |    4545 |   12397 |  73.2 |      18 |      65 |  78.3
   Spider:1 |    5062 |    5053 |  50.0 |      13 |       2 |  13.3
      Orc:1 |    5928 |    1045 |  15.0 |      42 |       1 |   2.3
      Orc:2 |    4747 |   12969 |  73.2 |      69 |      65 |  48.5
     Bailey |       0 |    2740 | 100.0 |       0 |      43 | 100.0
      IceCv |       0 |    2566 | 100.0 |       0 |      10 | 100.0
            +---------+---------+-------+---------+---------+-------
